 Dungeon Crawl Stone Soup version 0.19-a0-347-g6bb00b2 (webtiles) character file.

446 Charly the Insei (level 7, -5/32 HPs)
             Began as a Vine Stalker Transmuter on May 29, 2016.
             Hit by a tomahawk of dispersal thrown by an orc warrior (10 damage)
             ... on level 5 of the Dungeon.
             The game lasted 00:09:34 (712 turns).

Charly the Insei (Vine Stalker Transmuter)           Turns: 712, Time: 00:09:35

Health: -5/32      AC:  2    Str: 12    XL:     7   Next: 3%
Magic:  0/11       EV: 12    Int: 18    God:
Gold:   59         SH:  0    Dex: 15    Spells: 3 memorised, 4 levels left

rFire  . . .     SeeInvis .       - Unarmed
rCold  + . .     Gourm    .     b - +0 robe
rNeg   . . .     Faith    .     (no shield)
rPois  .         Spirit   +     (no helmet)
rElec  .         Dismiss  .     (no cloak)
rCorr  .         Reflect  .     (no gloves)
SustAt .         Harm     .     (no boots)
MR     .....                    (no amulet)
Stlth  +.........               g - +3 ring of intelligence
                                f - ring of protection from cold

@: not resistant to hostile enchantments, very unstealthy
A: fangs 2, regeneration 2, magic shield, antimagic bite, no device heal 3, rot
immunity
a: no special abilities


You were on level 5 of the Dungeon.
You were not hungry.

You visited 1 branch of the dungeon, and saw 5 of its levels.

You collected 59 gold pieces.

Inventory:

Missiles
 a - 32 arrows
Armour
 b - a +0 robe (worn)
 k - a +3 leather armour of positive energy
Jewellery
 f - a ring of protection from cold (left hand)
 g - a +3 ring of intelligence (right hand)
Scrolls
 e - a scroll of amnesia {unknown}
 h - a scroll of enchant weapon {unknown}
 i - 2 scrolls of identify {unknown}
 j - a scroll of remove curse {unknown}
 l - a scroll of teleportation {unknown}
 q - a scroll of enchant armour {unknown}
Potions
 m - a potion of ambrosia {unknown}
 n - a potion of invisibility {unknown}
 p - a potion of mutation {unknown}
 r - a potion of curing
Books
 c - a book of Changes

   Spells                             Type                      Level
   a - Beastly Appendage              Transmutation                1
   b - Sticks to Snakes               Transmutation                2
   c - Spider Form                    Transmutation/Poison         3
   d - Ice Form                       Ice/Transmutation            4
   e - Blade Hands                    Transmutation                5
Comestibles
 d - 3 bread rations
 o - a meat ration


   Skills:
 - Level 0.8 Fighting
 - Level 1.5 Dodging
 + Level 7.4 Unarmed Combat
 - Level 2.1 Spellcasting
 - Level 2.8 Transmutations


You had 4 spell levels left.
You knew the following spells:

 Your Spells              Type           Power        Failure   Level  Hunger
a - Beastly Appendage     Tmut           ##....       8%          1    #......
s - Sticks to Snakes      Tmut           ##......     12%         2    ###....
S - Spider Form           Tmut/Pois      #.........   34%         3    ###....


Dungeon Overview and Level Annotations

Branches:
Dungeon (5/15)
 Temple: D:4-7

Altars:

Annotations:
D:3 herpmino's ghost, novice FoFi
D:4 Robin
D:5 Prince Ribbit


Innate Abilities, Weirdness & Mutations

You have extremely sharp teeth.
You heal very quickly.
When hurt, damage is shared between your health and your magic reserves.
Your bite disrupts and absorbs the magic of your enemies.
Potions and wands cannot restore your health.
You are immune to rotting.


Message History

The orc warrior throws a tomahawk of dispersal.
The tomahawk of dispersal hits you!
You blink.
Prince Ribbit blinks!
The orc warrior throws a tomahawk of dispersal.
The tomahawk of dispersal misses you.
The orc warrior throws a tomahawk of dispersal.
The tomahawk of dispersal hits you!
* * * LOW HITPOINT WARNING * * *
You blink.
Unknown command.
Your transformation has ended.
Your +0 robe unmelds from your body.
Prince Ribbit blinks!
The centaur shouts!
The centaur wields a shortbow.
The centaur shoots an arrow.
The arrow hits you!
* * * LOW HITPOINT WARNING * * *
You see here an arrow.
Unknown command.
The orc warrior throws a tomahawk of dispersal.
The tomahawk of dispersal hits you!
You die...

#####.######... #.###.##.##.####
#..## ... #.##..##.# .. ######..#
... #.##.###.# ###
........#####.# #[#..# #.# ..#
........##....# #...## #.# ##..
.........#....# #..## ##.# ##.$.
..............###..# #..# ##....
.........#.....##.### #.## #.....
######...#...o..@...###.####.....
# #.#.#....###.#<......##.....
#.#..o##..##c#####.#........
#.#..####.##.. #.#####....
######...## .....# ..# #.....
.......#.# #..#.# #.## ##.....
..###..#.# .c#..##.####......
..###.##.######.............#....
.F.o...o............##.#######..[


You could see an orc warrior, a centaur and an orc.

Vanquished Creatures
  Eustachio (D:4)
  An ice beast (D:5)
  A scorpion (D:5)
  A crimson imp (D:5)
  A giant frog skeleton (D:5)
  A hound (D:4)
  Jessica (D:3)
  A worker ant (D:5)
  2 dart slugs
  A giant gecko (D:5)
  3 orcs (D:5)
  A ball python (D:5)
  A quokka (D:2)
  2 giant newts
  2 goblins (D:3)
  3 rats
23 creatures vanquished.

Notes
Turn   | Place    | Note
--------------------------------------------------------------
     0 | D:1      | Charly the Vine Stalker Transmuter began the quest for the Orb.
     0 | D:1      | Reached XP level 1. HP: 9/9 MP: 4/4
   162 | D:5      | Entered Level 5 of the Dungeon
   162 | D:5      | Noticed a worker ant
   195 | D:3      | Noticed herpmino's ghost (novice FoFi)
   220 | D:3      | Noticed Jessica
   230 | D:3      | Killed Jessica
   230 | D:3      | Reached XP level 2. HP: 11/14 MP: 4/6
   230 | D:3      | Reached XP level 3. HP: 13/17 MP: 4/7
   305 | D:4      | Learned a level 2 spell: Sticks to Snakes
   309 | D:4      | Learned a level 3 spell: Spider Form
   328 | D:4      | Reached skill level 4 in Unarmed Combat
   328 | D:4      | Reached XP level 4. HP: 21/21 MP: 1/8
   400 | D:5      | Noticed an ice beast
   437 | D:4      | Noticed Eustachio
   451 | D:4      | Killed Eustachio
   451 | D:4      | Reached skill level 6 in Unarmed Combat
   451 | D:4      | Reached XP level 5. HP: 15/25 MP: 2/9
   451 | D:4      | Gained mutation: You heal very quickly. [Vine Stalker growth]
   451 | D:4      | Reached XP level 6. HP: 18/29 MP: 2/10
   518 | D:4      | Noticed Robin
   597 | D:5      | Noticed Prince Ribbit
   615 | D:5      | Killed an ice beast
   615 | D:5      | Reached skill level 7 in Unarmed Combat
   615 | D:5      | Reached XP level 7. HP: 27/32 MP: 3/11
   712 | D:5      | Hit by a tomahawk of dispersal thrown by an orc warrior

Vault maps used:
D:1:      minmay_arrival_split_and_join
D:3:      lemuel_crystal_altar, lemuel_round_altar, uniq_jessica
D:4:      lemuel_crystal_altar, uniq_eustachio, uniq_robin
D:5:      first_bread, uniq_prince_ribbit1

Skill      XL: |  1  2  3  4  5  6 |
---------------+-------------------+-----
Unarmed Combat | 4 6 7 |  7.4
Fighting       | |  0.8
Dodging        | |  1.5
Spellcasting   | |  2.1
Transmutations | |  2.8

Action                   |  1- 3 |  4- 6 |  7- 9 || total
-------------------------+-------+-------+-------++-------
Melee: Unarmed           |    41 |    39 |     5 ||    85
       Bite              |    10 |     1 |     1 ||    12
 Cast: Spider Form       |     1 |     5 |     1 ||     7
 Abil: End Transformatio |       |     1 |       ||     1
  Use: Potion            |     1 |     2 |       ||     3
  Eat: Chunk             |       |       |     1 ||     1
Armor: Robe              |     9 |     2 |       ||    11
       Skin              |       |     1 |       ||     1
Dodge: Dodged            |    27 |    25 |     3 ||    55
